 Dungeon Crawl Stone Soup version 0.29.0-4-gdea44cf6ec (webtiles) character file.

Game seed: 11754528606875094260

853 qw the Chopper (level 8, -2/76 HPs)
             Began as a Gargoyle Berserker on Sept 5, 2022.
             Was a Believer of Trog.
             Slain by a yak (11 damage)
             ... on level 5 of the Dungeon.
             The game lasted 00:01:31 (4848 turns).

qw the Chopper (Gargoyle Berserker)                 Turns: 4848, Time: 00:01:31

Health: -2/76      AC: 14    Str: 24    XL:     8   Next: 1%
Magic:  8/8        EV: 10    Int:  7    God:    Trog [**....]
Gold:   216        SH:  4    Dex:  9    Spells: 7/7 levels left

rFire   . . .      SeeInvis .   Y - +2 broad axe (flame)
rCold   . . .      Faith    .   (no shield)
rNeg    + . .      Spirit   .   i - +0 scale mail
rPois   inf        Reflect  .   (no helmet)
rElec   +          Harm     .   c - +0 cloak
rCorr   .          Rampage  .   (no gloves)
Will    .....                   j - +0 pair of boots
Stlth   ..........              (no amulet)
HPRegen 0.22/turn               (no ring)
MPRegen 0.11/turn               (no ring)

@: berserking, very quick
A: sickness immunity, AC +5, negative energy resistance 1, electricity
resistance, torment resistance 1, petrification resistance, large bone plates 1,
mutation resistance 1
a: Renounce Religion, Berserk, Trog's Hand


You were on level 5 of the Dungeon.
You worshipped Trog.
Trog was pleased with you.
You visited 1 branch of the dungeon, and saw 5 of its levels.

You collected 216 gold pieces.


Innate Abilities, Weirdness & Mutations

You are immune to sickness and miasma.
Your stone body is resilient. (AC +5)
You are immune to poison.
You resist negative energy. (rN+)
You are resistant to electric shocks. (rElec)
You are resistant to unholy torment.
You are immune to petrification.
You are partially covered in large bone plates. (SH +4)
You are somewhat resistant to further mutation.


   Skills:
 - Level 5.9 Fighting
 - Level 7.3 Axes
 + Level 2.6 Armour
 - Level 1.5 Dodging


You had 7 spell levels left.
You didn't know any spells.
Your spell library was empty.

Inventory:

Hand Weapons
 Y - a +2 broad axe of flaming (weapon)
Armour
 c - a +0 cloak (worn)
 g - a +0 pair of gloves
 i - a +0 scale mail (worn)
 j - a +0 pair of boots (worn)
Scrolls
 h - a scroll of vulnerability {unknown}
 m - 2 scrolls of teleportation
 q - 2 scrolls of identify
Potions
 a - a potion of degeneration {unknown}
 b - a potion of attraction {unknown}
 e - a potion of haste
 f - 3 potions of mutation
 l - a potion of might
 n - a potion of curing {unknown}

Dungeon Overview and Level Annotations

Branches:
Dungeon (5/15)
 Temple: D:4-7

Altars:
Ashenzari

Annotations:
D:2 1 runed translucent door, Crazy Yiuf


Message History

4841 ||| FLEEEEING.
An orc and a yak come into view.
The orc shouts!
The yak bellows! x2
You hit the yak. You burn the yak.
The yak is lightly wounded.
The yak barely misses you.
You barely miss the yak.
The yak is lightly wounded.
You slash the yak! You burn the yak. The yak gores you but does no damage.
You block the orc's attack.
You barely miss the yak.
The yak is moderately wounded.
You hit the yak. You burn the yak. You slash the orc! You burn the orc.
You kill the orc!
Trog accepts your kill.
You hit the yak. You burn the yak. The yak gores you!
You block the yak's attack. The yak barely misses you.
The yak closely misses you. The yak barely misses you.
The yak gores you but does no damage.
4845 ||| INVOKING Berserk.
A red film seems to cover your vision as you go berserk!
You feel yourself moving faster!
You feel mighty! You block the yak's attack.
The yak gores you but does no damage. The yak gores you!
You hit the yak. You burn the yak.
The yak is heavily wounded.
You slash the yak! You burn the yak. You barely miss the yak.
You slash the yak! You burn the yak! The yak gores you.
The yak gores you but does no damage. The yak closely misses you.
The yak gores you!
You closely miss the yak.
The yak is severely wounded.
You slash the yak! You burn the yak. You slash the yak! You burn the yak.
You hit the yak. You burn the yak. You barely miss the yak.
The yak is severely wounded.
You completely miss the yak. You slash the yak! You burn the yak.
You hit the yak. You burn the yak. The yak gores you!
You die...

#P....~.P..P##.##
#....~~7........##
##..P~~~~777..P..#
#.P..~~~~~~....#.##
#####.#P7.~~7~~~.P...#.
#......#...~~.7........
########.......#7.............
##......##...Y).#
.........>...
#...........YY@)#
....##...###.
#............YY.# ...##... #'
#.......#####)### #... ...
##.##...# .... #.......
#########...... #. .....
#....... .... #....o##.
'.....# .Y ####...# Y.


You could see 5 yaks.

Vanquished Creatures
  A yak (D:5)
  A black bear (D:5)
  A phantom (D:5)
  2 scorpions
  A jelly (D:4)
  A gnoll bouda (D:5)
  2 iguanas (D:5)
  An orc wizard (D:5)
  8 adders
  14 gnolls
  An ufetubus (D:4)
  A worm (D:2)
  A dart slug (D:3)
  6 orcs (D:5)
  7 endoplasms
  2 giant cockroaches
  6 goblins
  4 hobgoblins
  6 kobolds
  4 quokkas
  6 ball pythons
  6 bats
  5 frilled lizards
  A rat (D:1)
88 creatures vanquished.

Vanquished Creatures (others)
  12 fungi (D:4)
  6 plants (D:5)
18 creatures vanquished.

Grand Total: 106 creatures vanquished

Notes
Turn   | Place    | Note
-------+----------+-------------------------------------------
     0 | D:1      | qw the Gargoyle Berserker began the quest for the Orb.
     0 | D:1      | Reached XP level 1. HP: 14/14 MP: 1/1
     0 | D:1      | 0 ||| qw: Version: 0.1-a-104-g96f76f8
     0 | D:1      | 0 ||| qw: Game counter: 5816
     0 | D:1      | 0 ||| qw: Always use a shield: true
     0 | D:1      | 0 ||| qw: Do Orc after D:15 true
     0 | D:1      | 0 ||| qw: Do second Lair branch before Depths: true
     0 | D:1      | 0 ||| qw: Lair rune preference: random
     0 | D:1      | 0 ||| qw: Plans: Normal
     0 | D:1      | 0 ||| PLANNING D:1-11
    42 | D:1      | 42 ||| INVOKING Berserk.
    43 | D:1      | 43 ||| INVOKING Berserk.
   304 | D:1      | Reached skill level 3 in Axes
   395 | D:1      | Reached XP level 2. HP: 17/19 MP: 2/2
   525 | D:1      | 525 ||| Stepping ~*~*~tactically~*~*~ (stealth).
   791 | D:1      | 791 ||| Stepping ~*~*~tactically~*~*~ (stealth).
   799 | D:1      | Reached XP level 3. HP: 21/23 MP: 3/3
   829 | D:1      | 829 ||| DROPPING +0 club.
   910 | D:1      | Found a faded altar of an unknown god.
   917 | D:1      | 917 ||| UPGRADING to +0 ring mail.
   927 | D:1      | 927 ||| DROPPING +0 animal skin.
   928 | D:1      | 928 ||| UPGRADING to +0 pair of boots.
   933 | D:1      | 933 ||| READING scroll labelled TIPNUMNEES.
   934 | D:1      | 934 ||| READING scroll labelled ZOAGYM TUNN.
   935 | D:1      | 935 ||| READING scroll labelled KACUEFUKK.
   940 | D:1      | 940 ||| READING scroll labelled GUHOORCH RASTIZEPH.
   941 | D:1      | 941 ||| DRINKING 2 bubbling sapphire potions.
   941 | D:1      | Gained mutation: You are somewhat resistant to further
                  | mutation. [potion of mutation]
   941 | D:1      | Gained mutation: You are partially covered in large bone
                  | plates. (SH +4) [potion of mutation]
   973 | D:2      | 973 ||| STAIRDANCE
  1049 | D:2      | 1049 ||| Stepping ~*~*~tactically~*~*~ (stealth).
  1052 | D:2      | Reached ** piety under Trog
  1160 | D:2      | Reached skill level 4 in Axes
  1250 | D:2      | Found a runed translucent door.
  1251 | D:2      | Noticed Crazy Yiuf
  1409 | D:2      | 1409 ||| Stepping ~*~*~tactically~*~*~ (hiding).
  1412 | D:2      | 1412 ||| INVOKING Berserk.
  1420 | D:2      | Reached XP level 4. HP: 28/28 MP: 4/4
  1439 | D:2      | HP: 7/28 [gnoll/+0 club (3)]
  1440 | D:2      | 1440 ||| READING scroll of teleportation.
  1442 | D:2      | HP: 2/28 [gnoll/+0 club (6)]
  1772 | D:2      | 1772 ||| INVOKING Berserk.
  1883 | D:2      | 1883 ||| DROPPING +0 whip.
  2127 | D:2      | 2127 ||| SWAPPING to +0 vampiric hand axe.
  2128 | D:2      | 2128 ||| DROPPING +0 hand axe.
  2444 | D:2      | 2444 ||| UPGRADING to +0 cloak.
  2449 | D:2      | 2449 ||| UPGRADING to +0 scale mail.
  2459 | D:2      | 2459 ||| DROPPING +0 ring mail.
  2460 | D:2      | 2460 ||| READING scroll labelled XENUOCL OKEPNY.
  2460 | D:2      | Identified a scroll of acquirement
  2460 | D:2      | 2460 ||| ACQUIRING +0 broad axe of flaming
  2460 | D:2      | Acquired a +0 broad axe of flaming
  2462 | D:2      | 2462 ||| SWAPPING to +0 broad axe of flaming.
  2463 | D:2      | 2463 ||| DROPPING +2 whip of draining.
  2464 | D:2      | 2464 ||| DROPPING +0 vampiric hand axe.
  2465 | D:2      | 2465 ||| DRINKING 2 dark potions.
  2466 | D:2      | 2466 ||| DRINKING 2 blue potions.
  2617 | D:3      | 2617 ||| INVOKING Berserk.
  2621 | D:3      | Reached skill level 5 in Axes
  2623 | D:3      | Reached XP level 5. HP: 32/32 MP: 5/5
  2738 | D:3      | 2738 ||| Stepping ~*~*~tactically~*~*~ (hiding).
  2768 | D:3      | 2768 ||| Stepping ~*~*~tactically~*~*~ (stealth).
  2770 | D:3      | 2770 ||| Stepping ~*~*~tactically~*~*~ (hiding).
  2775 | D:3      | 2775 ||| INVOKING Berserk.
  3243 | D:3      | 3243 ||| Stepping ~*~*~tactically~*~*~ (stealth).
  3490 | D:3      | 3490 ||| DROPPING orb of guile.
  3491 | D:3      | 3491 ||| READING scroll labelled BAGY ECUKAENG.
  3492 | D:3      | 3492 ||| READING 2 scrolls labelled ABIXAE APPODOP.
  3493 | D:3      | 3493 ||| READING 2 scrolls labelled NOSSEG FE POFU.
  3494 | D:3      | 3494 ||| READING scroll of enchant weapon.
  3494 | D:3      | 3494 ||| ENCHANTING +1 broad axe of flaming.
  3495 | D:3      | 3495 ||| DROPPING scroll of noise.
  3560 | D:4      | Reached XP level 6. HP: 38/38 MP: 6/6
  3689 | D:4      | 3689 ||| INVOKING Berserk.
  3813 | D:4      | 3813 ||| Stepping ~*~*~tactically~*~*~ (stealth).
  3814 | D:4      | 3814 ||| Stepping ~*~*~tactically~*~*~ (stealth).
  3820 | D:4      | Reached skill level 6 in Axes
  3937 | D:4      | Found a broken altar of Ashenzari.
  4174 | D:4      | 4174 ||| DRINKING 2 brown potions.
  4175 | D:4      | 4175 ||| READING 3 scrolls of identify.
  4175 | D:4      | 4175 ||| IDENTIFYING murky green potion
  4176 | D:4      | 4176 ||| READING 2 scrolls of identify.
  4176 | D:4      | 4176 ||| IDENTIFYING glowing sapphire potion
  4177 | D:4      | 4177 ||| DROPPING potion of magic.
  4178 | D:4      | 4178 ||| DROPPING potion of flight.
  4222 | D:5      | Entered Level 5 of the Dungeon
  4374 | D:5      | Reached XP level 7. HP: 38/43 MP: 7/7
  4436 | D:5      | 4436 ||| Stepping ~*~*~tactically~*~*~ (hiding).
  4440 | D:5      | 4440 ||| INVOKING Berserk.
  4577 | D:5      | 4577 ||| INVOKING Berserk.
  4581 | D:5      | Reached skill level 7 in Axes
  4619 | D:5      | 4619 ||| FLEEEEING.
  4620 | D:5      | 4620 ||| FLEEEEING.
  4621 | D:5      | 4621 ||| FLEEEEING.
  4624 | D:5      | 4624 ||| STAIRDANCE
  4815 | D:5      | Noticed a yak
  4815 | D:5      | Noticed a yak
  4816 | D:5      | 4816 ||| Stepping ~*~*~tactically~*~*~ (stealth).
  4834 | D:5      | HP: 8/44 [yak (5)]
  4835 | D:5      | 4835 ||| DRINKING potion of heal wounds.
  4836 | D:5      | Killed a yak
  4837 | D:5      | Noticed a yak
  4838 | D:5      | Noticed a yak
  4840 | D:5      | Noticed a yak
  4841 | D:5      | Reached XP level 8. HP: 29/51 MP: 8/8
  4841 | D:5      | 4841 ||| FLEEEEING.
  4841 | D:5      | Noticed a yak
  4845 | D:5      | 4845 ||| INVOKING Berserk.
  4846 | D:5      | HP: 9/76 [yak (13)]
  4848 | D:5      | Slain by a yak

Levels and vault maps discovered:
D:1:      noname_arrival_rooms_in_the_neighbourhood, layout_rooms,
          chequers_ecumenical_altar_grove
D:2:      layout_basic, uniq_crazy_yiuf_cottage
D:3:      layout_basic, minmay_misc_feat_roman, minmay_tree_intersection
D:4:      layout_rooms, mainiacjoe_overflow_24_doors, serial_aquarium,
          aquarium_bridge_square [aquarium_subvault_wall,
          aquarium_subvault_bridge, aquarium_subvault_window,
          aquarium_subvault_window], aquarium_window_corridor_1,
          aquarium_window_1, aquarium_window_1, aquarium_view_2a,
          aquarium_view_2c, aquarium_balcony_3a, chequers_serial_rivers_micro_a
D:5:      layout_gridville, serial_glass, glass_columns_b, glass_columns_a,
          serial_bayou_pond_a

Skill      XL: |  1  2  3  4  5  6  7 |
---------------+----------------------+-----
Axes           | 3 4 5 6 7 |  7.3
Fighting       | 4 5 |  5.9
Armour         | |  2.6
Dodging        | |  1.5

Action                   |  1- 3 |  4- 6 |  7- 9 || total
-------------------------+-------+-------+-------++-------
Melee: Hand axe          |    83 |    40 |       ||   123
       Punch             |     3 |     1 |       ||     4
       Broad axe         |       |    82 |    38 ||   120
Invok: Berserk           |     2 |     4 |     3 ||     9
  Use: Scroll            |     4 |     8 |       ||    12
       Potion            |     1 |     3 |     1 ||     5
Armor: Animal skin       |     9 |       |       ||     9
       Ring mail         |    16 |    13 |       ||    29
       Scale mail        |       |    34 |    15 ||    49
Dodge: Dodged            |    32 |    44 |    13 ||    89
Block: Other             |     7 |    24 |     6 ||    37

Table legend:
 A = Non-vault XP
 B = Vault XP
 C = Vault XP percentage of total XP
 D = Non-vault monster count
 E = Vault monster count
 F = Vault count percentage of total count
                 A         B        C        D         E       F
            +---------+---------+-------+---------+---------+-------
      Total |    1219 |       0 |   0.0 |      88 |       0 |   0.0
            +---------+---------+-------+---------+---------+-------
        D:1 |      38 |       0 |   0.0 |      24 |       0 |   0.0
        D:2 |     109 |       0 |   0.0 |      18 |       0 |   0.0
        D:3 |     151 |       0 |   0.0 |      16 |       0 |   0.0
        D:4 |     181 |       0 |   0.0 |      13 |       0 |   0.0
        D:5 |     740 |       0 |   0.0 |      17 |       0 |   0.0
            +---------+---------+-------+---------+---------+-------
